Map: Vaani Research Station (Void)

Players

Eric - Winner!

  • Race: Terran Terran
  • Spawn Location: 12:00

Fropez

  • Race: Protoss Protoss
  • League: Gold
  • Spawn Location: 6:00

VOD

Have the link to the VOD?

Description

Time

  • Played on: Dec. 1, 2016, 10:46 a.m.
  • Length: 13:25
Show
View Real Time Build Order
Export as new Build Order

Eric Terran - Winner!

Build Orders:  

Get SALT Encoding   

  12  0:04  SCV  
  13  0:16  SCV  
  14  0:21  Supply Depot  
  15  0:28  SCV  
  15  0:43  SCV  
  15  0:48  Barracks  
  16  0:52  Refinery  
  16  0:55  SCV  
  18  1:11  SCV  
  18  1:37  Marine  
  18  1:39  Command Center  
  19  1:43  Orbital Command  
  19  2:23  SCV  
  19  2:28  Marine  
  21  2:31  Factory  
  21  2:36  SCV, Refinery  
  22  2:38  Supply Depot  
  22  2:48  SCV  
  23  3:14  SCV  
  23  3:15  Orbital Command  
  24  3:23  Factory Tech Lab, Starport  
  24  3:24  Marine  
  24  3:26  SCV  
  26  3:38  SCV  
  26  3:45  Marine, SCV  
  26  3:47  Siege Tank  
  31  3:50  SCV  
  26  3:57  SCV  
  26  4:02  SCV  
  27  4:03  Marine  
  27  4:05  Starport Reactor  
  27  4:09  SCV  
  29  4:14  SCV  
  28  4:20  Siege Tank  
  28  4:21  Marine  
  29  4:25  SCV  
  29  4:26  SCV  
  26  4:37  SCV  
  24  4:38  SCV  
  24  4:39  Marine  
  23  4:49  SCV  
  23  4:50  SCV  
  25  5:01  SCV, Medivac  
  25  5:02  Medivac  
  25  5:03  Marine, SCV  
  32  5:13  SCV  
  33  5:15  SCV  
  33  5:17  Hellion  
  36  5:21  Marine  
  36  5:24  Barracks  
  36  5:25  SCV  
  38  5:36  SCV  
  38  5:37  SCV  
  40  5:48  SCV  
  40  5:49  SCV  
  42  6:05  Marine x2  
  44  6:14  Supply Depot x3  
  44  6:15  Supply Depot  
  44  6:16  Supply Depot  
  44  6:21  Command Center  
  44  6:23  Marine x2  
  46  6:33  Barracks Reactor  
  46  6:35  Siege Tank, Starport Reactor  
  49  6:44  Marine x2  
  44  7:12  SCV x2  
  44  7:13  Marine x4  
  44  7:15  Siege Tank  
  51  7:24  SCV x2  
  53  7:30  Marine  
  53  7:31  Marine x3  
  53  7:36  SCV  
  54  8:03  SCV x2  
  54  8:04  Marine  
  54  8:05  Marine x3  
  60  8:09  Siege Tank  
  63  8:13  Barracks  
  63  8:15  SCV x2  
  63  8:18  Factory  
  65  8:22  Marine  
  65  8:23  Marine x3, Barracks  
  69  8:27  SCV x2  
  71  8:35  Medivac  
  71  8:39  SCV x2  
  71  8:41  Siege Tank  
  78  8:44  SCV  
  79  8:48  Engineering Bay  
  79  8:51  SCV x2  
  79  8:53  Marine x2  
  79  8:54  Marine x2  
  85  8:56  SCV  
  85  8:59  Supply Depot  
  85  9:01  Refinery  
  86  9:03  SCV x2, Refinery  
  86  9:08  SCV  
  89  9:11  Marine  
  89  9:13  Siege Tank  
  89  9:14  Marine x2  
  89  9:15  SCV x2  
  89  9:16  Barracks Tech Lab  
  97  9:17  Barracks Reactor, Factory Tech Lab  
  97  9:20  SCV  
  98  9:32  SCV  
  98  9:33  Marine x3  
  98  9:34  Marine x2  
  98  9:36  Stimpack  
  104  9:44  SCV  
  105  9:51  Marine x2  
  105  9:56  SCV  
  105  9:57  Marine x2  
  105  9:58  Marine  
  109  10:03  Supply Depot  
  109  10:04  Supply Depot  
  109  10:06  Supply Depot  
  109  10:07  Supply Depot  
  109  10:08  Supply Depot  
  109  10:09  Supply Depot  
  109  10:10  Supply Depot  
  109  10:25  Marine x5, SCV, Medivac  
  109  10:26  Marine x2, Siege Tank x2  
  109  10:27  SCV x2  
  124  10:40  SCV  
  123  10:42  Marine  
  123  10:43  Marine x4  
  123  10:44  Marine x2  
  128  10:52  SCV  
  129  10:58  Siege Tank  
  129  11:00  Marine x5  
  129  11:01  Marine x2  
  139  11:04  SCV  
  139  11:07  SCV x2  
  139  11:09  Siege Tank, Medivac  
  147  11:11  Medivac  
  147  11:15  Refinery  
  147  11:16  SCV  
  150  11:18  Marine x4  
  150  11:19  SCV  
  155  11:29  SCV  
  155  11:30  SCV  
  157  11:37  Combat Shields  
  157  11:55  SCV  
  157  11:56  Marine x6, Medivac  
  157  12:00  Marine  
  165  12:06  Siege Tank  
  165  12:08  Siege Tank  
  164  12:14  Marine x4  
  165  12:26  Marine x2  
  165  12:27  Marine  
  162  12:31  Marine x2  
  162  12:35  Marine  
  162  12:36  Marine  
  159  12:37  Medivac x2  
  159  12:39  Siege Tank  
  159  12:40  Siege Tank  
  159  12:44  Marine x2  
  165  12:55  Marine  
  165  12:56  Marine  
  165  12:57  Marine x2  
  165  12:59  Marine  
  165  13:01  Marine  
  165  13:02  Marine  
Show
View Real Time Build Order
Export as new Build Order

Fropez Protoss 

Build Orders:  

Get SALT Encoding   

  12  0:01  Probe (Chrono Boost)  
  13  0:16  Pylon  
  13  0:20  Probe (Chrono Boost)  
  14  0:30  Probe (Chrono Boost)  
  15  0:36  Gateway  
  15  0:41  Probe (Chrono Boost)  
  16  0:47  Assimilator  
  16  0:51  Probe (Chrono Boost)  
  17  1:02  Probe (Chrono Boost)  
  18  1:12  Probe (Chrono Boost)  
  19  1:26  Gateway  
  19  1:29  Cybernetics Core  
  19  1:30  Probe (Chrono Boost)  
  19  1:31  Assimilator  
  21  1:47  Probe (Chrono Boost)  
  21  1:59  Probe (Chrono Boost)  
  22  2:10  Nexus  
  22  2:20  Pylon  
  21  2:28  Mothership Core (Chrono Boost)  
  23  2:35  Warp Gate (Chrono Boost)  
  23  2:38  Adept  
  25  2:47  Probe (Chrono Boost)  
  26  2:57  Probe (Chrono Boost)  
  27  3:00  Pylon  
  27  3:05  Pylon  
  27  3:09  Adept  
  27  3:10  Adept  
  30  3:13  Probe  
  31  3:21  Probe  
  32  3:37  Adept  
  34  4:13  Probe  
  34  4:14  Pylon, Probe, Assimilator  
  36  4:33  Probe  
  36  4:34  Probe  
  36  4:38  Pylon  
  34  4:42  Gateway  
  34  4:45  Gateway  
  30  4:50  Probe  
  30  4:51  Probe  
  32  4:53  Gateway  
  32  4:54  Stalker x2  
  36  5:04  Probe  
  36  5:05  Twilight Council, Probe  
  38  5:15  Pylon  
  38  5:18  Assimilator  
  38  5:20  Stalker  
  40  5:23  Stalker  
  40  5:24  Probe  
  43  5:30  Probe  
  44  5:41  Pylon  
  44  5:54  Probe  
  44  5:55  Probe, Stargate  
  44  5:56  Resonating Glaives (Chrono Boost)  
  46  6:00  Adept x3  
  46  6:01  Adept x2  
  56  6:04  Probe  
  56  6:07  Probe  
  58  6:14  Pylon  
  58  6:15  Probe  
  59  6:20  Probe  
  60  6:29  Adept x3  
  60  6:30  Adept  
  60  6:32  Adept  
  60  7:11  Stalker x3  
  60  7:13  Stalker  
  60  7:14  Phoenix, Stalker  
  72  7:15  Probe  
  72  7:17  Probe  
  74  7:33  Probe  
  74  7:35  Probe  
  76  7:39  Phoenix  
  68  8:01  Forge  
  68  8:02  Adept x3  
  68  8:03  Adept x2  
  78  8:34  Pylon  
  78  8:36  Pylon  
  78  8:47  Pylon  
  78  8:51  Pylon, Phoenix  
  78  8:52  Probe  
  78  8:55  Probe, Protoss Ground Weapons Level 1  
  82  9:04  Probe, Photon Cannon  
  82  9:06  Probe  
  84  9:11  Adept x3  
  84  9:12  Adept x2  
  84  9:13  Photon Cannon  
  84  9:16  Phoenix (Chrono Boost)  
  96  9:25  Pylon  
  96  9:34  Probe x2  
  98  9:41  Adept x4  
  98  9:42  Adept  
  98  9:45  Nexus  
  106  10:05  Adept x5  
  116  10:09  Gateway  
  116  10:13  Assimilator  
  116  10:17  Pylon  
  116  10:21  Pylon  
  114  10:59  Stalker x5  
  114  11:02  Probe x2  
  126  11:14  Probe  
  126  11:16  Photon Cannon  
  127  11:21  Photon Cannon  
  127  11:23  Gateway x2  
  127  11:28  Assimilator  
  127  11:45  Phoenix (Chrono Boost)  
  119  12:11  Stalker x4  
  119  12:12  Stalker  
  69  12:44  Adept x5  
  44  13:05  Adept  
  44  13:06  Adept x3  
Tags
 
Add a new tag
Caveats
  • Supply blocks, unpowered buildings, or Contaminate may cause inaccurate times.
  • Supply counts are checked every 10 seconds.